 Dungeon Crawl Stone Soup version 0.32-a0-630-g46d191b0ed (webtiles) character file.

Game seed: 7588908178715796090

4431 Dynojp the Brawler (level 10, 0/93 HPs)
             Began as a Troll Monk on Mar 6, 2024.
             Was a High Priest of Elyvilon.
             Slain by an orc
             ... wielding a +0 trident
              (6 damage)
             ... on level 9 of the Dungeon.
             The game lasted 00:15:39 (5930 turns).

Dynojp the Brawler (Troll Monk)                     Turns: 5930, Time: 00:15:41

Health: 0/93       AC:  8    Str: 31    XL:     10   Next: 14%
Magic:  7/9        EV: 11    Int:  6    God:    Elyvilon [*****.]
Gold:   410        SH:  0    Dex: 12    Spells: 9/9 levels left

rFire   + .          .
                       - Unarmed
rCold   x . .        c - orb {light}
rNeg    . . .        B - +0 acid dragon scales
rPois   .            (helmet restricted)
rElec   .            (no cloak)
rCorr   +            (gloves unavailable)
SInv    .            (boots unavailable)
Will    .....        E - amulet of faith
Stlth   +            f - +6 ring of strength
HPRegen 1.15/turn    A - ring of fire
MPRegen 0.11/turn

%: faith
@: glowing, studying Unarmed Combat
A: large, unfitting armour, claws 3, regeneration 1, shaggy fur 1, tough skin 1
a: Renounce Religion, Purification, Heal Other, Heal Self, Divine Vigour


You were on level 9 of the Dungeon.
You worshipped Elyvilon.
Elyvilon was extremely pleased with you.
You visited 1 branch of the dungeon, and saw 9 of its levels.

You collected 410 gold pieces.

Inventory:

Armour
 a - a +0 robe
 c - an orb of light (worn)
 s - a +2 robe of willpower
 B - +0 acid dragon scales (worn)
 D - the +5 chain mail of the Snail {Str-5 Dex+6}
   (You found it on level 6 of the Dungeon)

   Str-5:     It affects your strength (-5).
   Dex+6:     It affects your dexterity (+6).
Jewellery
 f - a +6 ring of strength (left claw)
 y - a ring of willpower
 A - a ring of fire (right claw)
 E - an amulet of faith (around neck)
 F - a ring of protection from cold
Talismans
 o - a maw talisman
Wands
 u - a wand of flame (43)
 G - a wand of acid (16)
Scrolls
 h - 2 scrolls of revelation {unknown}
 j - 2 scrolls of fog {unknown}
 k - 7 scrolls of identify {unknown}
 l - 3 scrolls of vulnerability {unknown}
 n - 3 scrolls of fear {unknown}
 p - 5 scrolls of teleportation {unknown}
 q - a scroll of enchant weapon {unknown}
 t - a scroll of noise {unknown}
 x - a scroll of enchant armour {unknown}
 z - 2 scrolls of poison {unknown}
 C - a scroll of blinking {unknown}
Potions
 b - 2 potions of ambrosia
 d - 2 potions of brilliance {unknown}
 e - a potion of might {unknown}
 g - 2 potions of degeneration {unknown}
 i - 2 potions of invisibility {unknown}
 m - 3 potions of mutation {unknown}
 r - 6 potions of curing {unknown}
 v - 2 potions of cancellation {unknown}
 w - 2 potions of haste {unknown}
 H - a potion of heal wounds {unknown}
 I - 2 potions of enlightenment {unknown}
 J - a potion of magic {unknown}


   Skills:
 + Level 4.3 Fighting
 + Level 2.6 Armour
 + Level 5.9 Dodging
 + Level 1.9 Stealth
 + Level 15.0 Unarmed Combat
 + Level 0.7 Invocations


You had 9 spell levels left.
You didn't know any spells.
Your spell library contained the following spells:

 Spells                   Type           Power      Damage    Failure   Level
 Apportation              Tloc           0%         N/A       52%         1
 Jinxbite                 Hex            0%         N/A       65%         2
 Scorch                   Fire           0%         2d5       65%         2
 Tukima's Dance           Hex            0%         N/A       87%         3
 Flame Wave               Conj/Fire      0%         2d4       99%         4
 Leda's Liquefaction      Alch/Erth      0%         N/A       99%         4
 Passage of Golubria      Tloc           0%         N/A       99%         4
 Alistair's Intoxication  Alch           0%         N/A       100%        5
 Lee's Rapid Deconstruct  Erth           0%         3d4*      100%        5
 Yara's Violent Unravell  Hex/Alch       0%         3d3       100%        5
 Bombard                  Conj/Erth      0%         9d1       100%        6
 Summon Cactus Giant      Summ           0%         N/A       100%        6


Dungeon Overview and Level Annotations

Branches:
Dungeon (9/15)             Temple (0/1) D:4
   Lair: D:8-11         Orc: D:9-12

Altars:
Cheibriados
Elyvilon
Fedhas
Kikubaaqudgha
Makhleb
Okawaru
Ru
Trog
Uskayaw
Zin

Shops:
D:5 *:

Annotations:
D:6 2 transporters


Innate Abilities, Weirdness & Mutations

You are too large for most types of armour.
You have claws for hands.
Your natural rate of healing is unusually fast.
You are covered in fur. (AC +1)
You have tough skin. (AC +1)


Message History

The yak is almost dead.
The orc warrior barely misses you. The orc barely misses you.
The orc priest hits you with a +0 hand axe.
* * * LOW HITPOINT WARNING * * *
You mangle the yak!!
You kill the yak!
The orc hits you with a +0 whip.
* * * LOW HITPOINT WARNING * * *
The orc warrior hits you with a +2 scimitar of holy wrath!
Elyvilon protects you from harm!
You are healed.
The orc hits you from afar with a +0 trident!
* * * LOW HITPOINT WARNING * * *
The orc priest miscasts a cantrip.
The orc hits you but does no damage.
The orc warrior hits you with a +2 scimitar of holy wrath!
* * * LOW HITPOINT WARNING * * *
You claw the orc priest!
You kill the orc priest!
The orc closely misses you. x2; The yak gores you.
* * * LOW HITPOINT WARNING * * *
The orc warrior hits you with a +2 scimitar of holy wrath!
Elyvilon protects you from harm!
Your Unarmed Combat skill increases to level 15!
The orc attacks as it pursues you! The orc barely misses you.
The yak gores you but does no damage. The orc warrior barely misses you.
Things that are here:
a +0 hand axe; a +0 leather armour You mangle the orc warrior!!
The orc warrior is almost dead.
The orc closely misses you. The orc hits you with a +0 whip.
* * * LOW HITPOINT WARNING * * *
The orc attacks as it pursues you! The orc barely misses you.
You scratch the orc warrior but do no damage.
The orc warrior is almost dead.
The yak closely misses you.
The orc warrior hits you with a +2 scimitar of holy wrath.
* * * LOW HITPOINT WARNING * * *
The orc hits you from afar with a +0 trident.
You die...

#...!......### ..#
#...........####.#
#...........#...
#....)......#.##
.........##......# .
#........#....#.### #..
#####...........#.##....
#......###.ooo......#
##....###...Y@)<.....
.........##.........
...#...#.##.......#.#
.##..............# #
............###
...........##
............ ..........#


You could see a yak, an orc warrior and 2 orcs.

Vanquished Creatures
  Pikel (D:5)
  Maggie (D:6)
  Grinder (D:4)
  Sigmund (D:3)
  A shadow (D:7)
  2 yaks (D:9)
  A wyvern (D:8)
  A steam dragon (D:8)
  2 water moccasins
  Duvessa (D:4)
  2 orc warriors
  An ice beast (D:7)
  A black bear (D:4)
  2 centaurs
  A phantom (D:6)
  A kobold brigand (D:7)
  Blork the orc (D:4)
  6 bullfrogs
  A scorpion (D:6)
  4 wights (D:8)
  Dowan (D:4)
  A howler monkey (D:7)
  5 hounds
  3 jellies
  4 orc priests
  A gnoll bouda (D:7)
  2 sleepcaps (D:6)
  4 orc wizards
  Ijyb (D:4)
  3 iguanas
  9 gnolls
  6 adders
  2 white imps (D:5)
  A dart slug (D:1)
  16 orcs
  5 ball pythons
  2 bats
  7 endoplasms
  A giant cockroach (D:2)
  2 goblins
  3 hobgoblins
  A jackal (D:1)
  9 kobolds
  5 quokkas
  2 frilled lizards
  3 rats (D:2)
131 creatures vanquished.

Notes
Turn   | Place    | Note
-------+----------+-------------------------------------------
     0 | D:1      | Dynojp the Troll Monk began the quest for the Orb.
     0 | D:1      | Reached XP level 1. HP: 22/22 MP: 0/0
   128 | D:1      | Reached XP level 2. HP: 29/29 MP: 1/1
   735 | D:2      | Reached XP level 3. HP: 36/36 MP: 2/2
   782 | D:2      | Found a white marble altar of Elyvilon.
  1008 | D:2      | Found a faded altar of an unknown god.
  1403 | D:2      | Became a worshipper of Elyvilon the Healer
  1403 | D:2      | Reached * piety under Elyvilon
  1403 | D:2      | Reached ** piety under Elyvilon
  1591 | D:3      | Noticed Sigmund
  1605 | D:3      | Killed Sigmund
  1606 | D:3      | Reached skill level 4 in Unarmed Combat
  1606 | D:3      | Reached XP level 4. HP: 21/45 MP: 3/3
  1606 | D:3      | Reached XP level 5. HP: 25/53 MP: 4/4
  2155 | D:4      | Noticed Grinder
  2165 | D:4      | Killed Grinder
  2166 | D:4      | Reached skill level 5 in Unarmed Combat
  2166 | D:4      | Reached XP level 6. HP: 33/61 MP: 5/5
  2202 | D:4      | Reached skill level 6 in Unarmed Combat
  2231 | D:4      | Reached *** piety under Elyvilon
  2233 | D:4      | Noticed Duvessa
  2233 | D:4      | Noticed Dowan
  2243 | D:4      | Reached XP level 7. HP: 67/67 MP: 6/6
  2247 | D:4      | Killed Duvessa
  2253 | D:4      | Killed Dowan
  2328 | D:4      | Reached skill level 7 in Unarmed Combat
  2332 | D:4      | Found an ancient bone altar of Kikubaaqudgha.
  2391 | D:4      | Found a staircase to the Ecumenical Temple.
  2411 | D:4      | Noticed Blork the orc
  2416 | D:4      | Killed Blork the orc
  2703 | D:4      | Noticed Ijyb
  2715 | D:4      | Killed Ijyb
  2795 | D:4      | Found a bloodstained altar of Trog.
  2796 | D:4      | Found a sacrificial altar of Ru.
  2799 | D:4      | Found a blossoming altar of Fedhas.
  2801 | D:4      | Found an iron altar of Okawaru.
  2801 | D:4      | Found a burning altar of Makhleb.
  3016 | D:5      | Entered Level 5 of the Dungeon
  3043 | D:5      | Noticed Pikel
  3048 | D:5      | Killed Pikel
  3049 | D:5      | Reached skill level 1 in Stealth
  3049 | D:5      | Reached skill level 9 in Unarmed Combat
  3049 | D:5      | Reached XP level 8. HP: 60/78 MP: 7/7
  3078 | D:5      | Found Pesmam's General Store.
  3178 | D:5      | Found Zeinenoq's Vocational Training.
  3221 | D:5      | Reached **** piety under Elyvilon
  3684 | D:6      | Reached skill level 10 in Unarmed Combat
  3839 | D:6      | Noticed Maggie
  3850 | D:6      | Killed Maggie
  3851 | D:6      | Reached skill level 5 in Dodging
  3851 | D:6      | Reached skill level 11 in Unarmed Combat
  3851 | D:6      | Reached XP level 9. HP: 33/84 MP: 8/8
  3961 | D:6      | Found a transporter.
  3962 | D:6      | Identified the +5 chain mail of the Snail {Str-5 Dex+6}
  3965 | D:6      | Found a snail-covered altar of Cheibriados.
  3965 | D:6      | Noticed an unseen horror
  3967 | D:6      | Noticed a cyan ugly thing
  4067 | D:6      | Reached skill level 12 in Unarmed Combat
  4110 | D:6      | Found a transporter.
  4244 | D:7      | Reached ***** piety under Elyvilon
  4573 | D:7      | Reached skill level 13 in Unarmed Combat
  4861 | D:7      | Found a hide-covered altar of Uskayaw.
  4880 | D:7      | Reached skill level 1 in Armour
  4890 | D:7      | Found a glowing silver altar of Zin.
  5346 | D:8      | Reached skill level 14 in Unarmed Combat
  5620 | D:8      | Reached XP level 10. HP: 79/92 MP: 9/9
  5924 | D:9      | Elyvilon protects you from harm!
  5926 | D:9      | Elyvilon protects you from harm!
  5927 | D:9      | Reached skill level 15 in Unarmed Combat
  5930 | D:9      | Slain by an orc

Illustrated notes

Levels and vault maps discovered:
D:1:      spicycebolla_green_bress_n_ham_2, layout_loops_cross, serial_rivers,
          chequers_serial_rivers_marsh, chequers_serial_rivers_room_b,
          chequers_serial_rivers_large_b, chequers_serial_rivers_room_b,
          chequers_serial_rivers_small_b, st_stairs_12
D:2:      layout_loops_ring, basic_altar,
          hellmonk_ecumenical_altar_inner_sanctum, serial_park_tiny_pond,
          minmay_misc_feat_diagonals, bh_walls_and_bars
D:3:      layout_basic, uniq_sigmund
D:4:      layout_basic, old_standard_altar, grunt_temple_overflow_open,
          minmay_temple_entry_mini_moons, uniq_grinder, uniq_blork_the_orc,
          uniq_ijyb, uniq_duvessa
D:5:      nicolae_BIG_FREAKIN_CUBE, layout_basic, serial_shops,
          nicolae_shop_real_fake_doors, nicolae_shop_vocational, uniq_pikel
D:6:      layout_cave_pools, gammafunk_temple_overflow_arena, uniq_maggie
D:7:      layout_loops_ring, nicolae_overflow_crystal_walls,
          lemuel_doored_altar, ebering_dispersal_statue_hall,
          dreamdust_wishing_well
D:8:      layout_basic
D:9:      layout_cave_pools

Skill      XL: |  1  2  3  4  5  6  7  8  9 10 |
---------------+-------------------------------+-----
Dodging        | 3 4 5 |  5.9
Fighting       | 3 4 |  4.3
Unarmed Combat | 4 5 6 9 11 14 15 | 15.0
Stealth        | 1 |  1.9
Armour         | 2 |  2.6
Invocations    | |  0.7

Action                     |  1- 3 |  4- 6 |  7- 9 | 10-12 || total
---------------------------+-------+-------+-------+-------++-------
  Melee: Unarmed           |    77 |    25 |   196 |    24 ||   322
 Invoke: Heal Other        |     1 |       |       |       ||     1
         Heal Self         |       |       |       |     1 ||     1
  Evoke: Wand              |       |       |     2 |       ||     2
 Armour: Robe              |    34 |    18 |    69 |       ||   121
         Acid dragon scale |       |       |   135 |    32 ||   167
  Dodge: Dodged            |    26 |    13 |   127 |    16 ||   182

Table legend: (Time is in decaauts)
 A = Elapsed time spent in this place.
 B = Non-inter-level travel time spent in this place.
 C = Inter-level travel time spent in this place.
 D = Time resting spent in this place.
 E = Time spent auto-exploring this place.
 F = Levels seen in this place.
 G = Mean time per level.
                   A        B        C        D        E       F      G
               +--------+--------+--------+--------+--------+-----+--------+
         Total |   5872 |   5772 |    100 |    195 |   4302 |   9 |  652.4 |
       Dungeon |   5872 |   5772 |    100 |    195 |   4302 |   9 |  652.4 |
               +--------+--------+--------+--------+--------+-----+--------+

Top non-repeatable levels by time:
     D:7: 985 daAuts
     D:4: 863 daAuts
     D:3: 734 daAuts
     D:1: 714 daAuts
     D:2: 692 daAuts
     D:5: 651 daAuts
     D:8: 628 daAuts
     D:6: 560 daAuts
     D:9: 42 daAuts
